 Dungeon Crawl Stone Soup version 0.25-a0-435-g4b9beb1024 (webtiles) character file.

Game seed: 14957784152086860372, levelgen mode: deterministic

21 Emblim88 the Stinger (level 2, 0/24 HPs)
             Began as a Troll Venom Mage on Jan 27, 2020.
             Slain by an adder (3 damage)
             ... on level 2 of the Dungeon.
             The game lasted 00:01:02 (652 turns).

Emblim88 the Stinger (Troll Venom Mage)              Turns: 652, Time: 00:01:02

Health: 0/24       AC:  6    Str: 15    XL:     2   Next: 62%
Magic:  3/3        EV: 10    Int: 11    God:
Gold:   39         SH:  0    Dex: 10    Spells: 2/3 levels left

rFire    . . .     SeeInvis .   (no weapon)
rCold    . . .     Gourm    +   (no shield)
rNeg     . . .     Faith    .   a - +0 robe
rPois    .         Spirit   .   (helmet restricted)
rElec    .         Reflect  .   (no cloak)
rCorr    .         Harm     .   (gloves unavailable)
MR       .....                  (boots unavailable)
Stlth    +.........             (no amulet)
HPRegen  0.48/turn              (no ring)
MPRegen  0.08/turn              (no ring)

@: lethally poisoned (0 -> -1)
A: large, unfitting armour, claws 3, fast metabolism 3, gourmand, regeneration
1, shaggy fur 1, tough skin 3
a: no special abilities


You were on level 2 of the Dungeon.
You were not hungry.

You visited 1 branch of the dungeon, and saw 2 of its levels.

You collected 39 gold pieces.

Inventory:

Armour
 a - a +0 robe (worn)
Jewellery
 j - a +6 amulet of reflection {unknown}
Scrolls
 g - 2 scrolls of remove curse {unknown}
Potions
 b - a potion of lignification {unknown}
 d - a potion of curing {unknown}
 e - a potion of degeneration {unknown}
 f - a potion of resistance {unknown}
 h - a potion of ambrosia {unknown}
 i - a potion of cancellation {unknown}
Comestibles
 c - 3 rations


   Skills:
 + Level 1.7 Dodging
 - Level 1.0 Stealth
 + Level 0.7 Unarmed Combat
 + Level 1.4 Spellcasting
 + Level 0.9 Transmutations
 * Level 2.4 Poison Magic


You had 2 spell levels left.
You knew the following spells:

 Your Spells              Type           Power        Failure   Level  Hunger
a - Sting                 Tmut/Pois      #...         16%         1    ##.....

Your spell library contained the following spells:

 Spells                   Type           Power        Failure   Level  Hunger
 Poisonous Vapours        Pois/Air       #.....       28%         2    ###....
 Ignite Poison            Fire/Tmut/Pois #.......     52%         3    ####...
 Mephitic Cloud           Conj/Pois/Air  #.......     54%         3    ####...
 Olgreb's Toxic Radiance  Pois           #.......     73%         4    #####..


Dungeon Overview and Level Annotations

Branches:
Dungeon (2/15)

Altars:


Innate Abilities, Weirdness & Mutations

You are too large for most types of armour.
You have claws for hands.
Your metabolism is lightning-fast.
You like to eat raw meat.
Your natural rate of healing is unusually fast.
You are covered in fur. (AC +1)
You have extremely tough skin. (AC +3)


Message History

* * * LOW HITPOINT WARNING * * *
The goblin hits you but does no damage. The adder bites you but does no damage.
You closely miss the goblin.
The ball python bites you but does no damage.
The goblin hits you but does no damage. The adder bites you.
* * * LOW HITPOINT WARNING * * *
You are poisoned.
The adder poisons you!
You closely miss the goblin.
You feel sick.
The ball python bites you but does no damage.
The adder bites you.
* * * LOW HITPOINT WARNING * * *
The goblin hits you but does no damage. The ball python closely misses you.
You claw the goblin!
You kill the goblin!
The adder barely misses you. The ball python barely misses you.
You scratch the ball python.
You kill the ball python!
The adder bites you but does no damage. The adder bites you.
You die...

..# ..###
....# #
#####....#..
#...........
#..........#
#....).....#
#...@S......
#.........##
#.!..(....#
#.........#
#...(.....#
#.........#
######...##
....


You could see an adder.

Vanquished Creatures
  A dart slug (D:1)
  A leopard gecko (D:1)
  2 bats (D:1)
  5 goblins
  2 hobgoblins (D:1)
  A kobold (D:1)
  A ball python (D:2)
  A frilled lizard (D:1)
  3 rats (D:1)
17 creatures vanquished.

Notes
Turn   | Place    | Note
-------+----------+-------------------------------------------
     0 | D:1      | Emblim88 the Troll Venom Mage began the quest for the Orb.
     0 | D:1      | Reached XP level 1. HP: 16/16 MP: 1/1
   124 | D:1      | Reached XP level 2. HP: 24/24 MP: 3/3
   652 | D:2      | Slain by an adder

Levels and vault maps discovered:
D:1:      dpeg_arrival_rhombus, layout_basic, hangedman_decor_growths
D:2:      layout_rooms, minmay_goblin_outpost, uniq_natasha

Action                   || total
-------------------------++-------
Melee: Unarmed           ||    55
  Eat: Chunk             ||     4
Armor: Robe              ||    33
Dodge: Dodged            ||    33

Table legend:
 A = Non-vault XP
 B = Vault XP
 C = Vault XP percentage of total XP
 D = Non-vault monster count
 E = Vault monster count
 F = Vault count percentage of total count
                 A         B        C        D         E       F
            +---------+---------+-------+---------+---------+-------
      Total |      30 |       0 |   0.0 |      17 |       0 |   0.0
            +---------+---------+-------+---------+---------+-------
        D:1 |      28 |       0 |   0.0 |      15 |       0 |   0.0
        D:2 |       2 |       0 |   0.0 |       2 |       0 |   0.0
            +---------+---------+-------+---------+---------+-------
